 Dungeon Crawl Stone Soup version 0.28.0-45-g0d030f2227 (webtiles) character file.

Game seed: 2560086160637827289

288 GigaChad the Covered (level 6, -1/55 HPs)
             Began as a Minotaur Fighter on Apr 19, 2022.
             Was a Believer of Zin.
             Succumbed to an orc wizard's poison
             ... on level 4 of the Dungeon.
             The game lasted 00:07:56 (3034 turns).

GigaChad the Covered (Minotaur Fighter)             Turns: 3034, Time: 00:07:56

Health: -1/55      AC: 20    Str: 20    XL:     6   Next: 9%
Magic:  5/5        EV:  6    Int:  5    God:    Zin [**....]
Gold:   51         SH:  9    Dex: 12    Spells: 5/5 levels left

rFire   . . .      SeeInvis .   a - +0 long sword
rCold   . . .      Faith    .   k - +0 kite shield
rNeg    . . .      Spirit   .   l - +8 chain mail "Dyenol" {rElec}
rPois   .          Reflect  .   (helmet restricted)
rElec   +          Harm     .   (no cloak)
rCorr   .          Rampage  .   g - +1 Delatra's gloves {ID++}
Will    .....                   (no boots)
Stlth   ..........              (no amulet)
HPRegen 0.18/turn               (no ring)
MPRegen 0.09/turn               (no ring)

@: lethally poisoned (-1 -> -25)
A: horns 2, retaliatory headbutt
a: Renounce Religion, Recite, Vitalisation, Donate Gold


You were on level 4 of the Dungeon.
You worshipped Zin.
Zin was pleased with you.
You visited 1 branch of the dungeon, and saw 4 of its levels.

You collected 89 gold pieces.
You donated 38 gold pieces to Zin.

Inventory:

Hand Weapons
 a - a +0 long sword (weapon)
 h - a +1 whip of electrocution
Missiles
 n - 32 arrows
Armour
 b - a +0 scale mail
 c - a +0 buckler
 g - the +1 Delatra's gloves (worn) {ID++}
   (You found it on level 3 of the Dungeon)

   It heals its wearer when they drink unknown potions.
   It restores its wearer's MP when they read unknown scrolls.
 j - a +4 scale mail of fire resistance
 k - a +0 kite shield (worn)
 l - the +8 chain mail "Dyenol" (worn) {rElec}
   (You found it on level 3 of the Dungeon)

   rElec:     It insulates you from electricity.
Jewellery
 m - an amulet of magic regeneration
Potions
 d - a potion of might
 e - a potion of degeneration
 f - a potion of magic
 i - a potion of brilliance


   Skills:
 + Level 4.8 Fighting
 + Level 4.9 Long Blades
 + Level 5.1 Armour
 + Level 1.2 Dodging
 + Level 4.6 Shields


You had 5 spell levels left.
You didn't know any spells.
Your spell library contained the following spells:

 Spells                   Type           Power      Damage    Failure   Level
 Summon Small Mammal      Summ           0%         N/A       100%        1
 Confusing Touch          Hex            0%         N/A       100%        3
 Summon Ice Beast         Ice/Summ       0%         N/A       100%        4
 Yara's Violent Unravell  Hex/Tmut       0%         3d3       100%        5
 Enfeeble                 Hex            0%         N/A       100%        7
 Malign Gateway           Summ/Tloc      0%         N/A       100%        7
 Spellforged Servitor     Conj/Summ      0%         N/A       100%        7


Dungeon Overview and Level Annotations

Branches:
Dungeon (4/15)
 Temple: D:4-7

Altars:
Fedhas
Zin


Innate Abilities, Weirdness & Mutations

You have a pair of horns on your head.
You reflexively headbutt those who attack you in melee.


Message History

You feel sick. The orc hits you but does no damage.
Something hits you but does no damage.
You hear some strange, mumbled words.
Something tries to affect you, but you resist.
You block the goblin's attack. You block the orc's attack.
You hit the goblin.
You kill the goblin!
You feel sick.
Something hits you but does no damage. x2
You are more poisoned.
You block the orc's attack. You block something's attack.
Something hits you but does no damage.
You closely miss the orc.
The orc is heavily wounded.
You feel very sick. The orc hits you but does no damage.
The orc hits you with a +0 hand axe. Something hits you.
You hear some strange, mumbled words.
You are confused.
You feel sick. Something hits you but does no damage.
You are more poisoned.
You're too confused to move!
You feel very sick. Something hits you but does no damage.
You are more poisoned.
You bump into the rock wall.
You feel very sick. The orc barely misses you.
The orc hits you with a +0 hand axe. Something hits you but does no damage.
You are more poisoned.
You bump into the rock wall.
* * * LOW HITPOINT WARNING * * *
You feel very sick. The orc hits you but does no damage.
The orc barely misses you. Something hits you but does no damage.
You are more poisoned.
You feel less confused.
* * * LOW HITPOINT WARNING * * *
You feel very sick.
You barely miss the orc. Your headbutt misses the orc.
You die...

... ..#o# #.#.#
#.#.# #.#.# #.#.#
# #####.#.####
#...#.@o.......#
....>..o..)..##.#
##...#.###.###
....... #<#
...........#
###.######## #. #


You could see 2 orcs.

Vanquished Creatures
  A necrophage (D:3)
  An orc priest (D:3)
  An orc wizard (D:3)
  A gnoll (D:1)
  6 adders
  2 worms (D:3)
  A dart slug (D:1)
  3 orcs (D:3)
  5 endoplasms
  4 giant cockroaches
  12 hobgoblins
  3 quokkas
  3 ball pythons
  3 bats
  4 frilled lizards
  9 goblins
  4 kobolds
  11 rats
74 creatures vanquished.

Vanquished Creatures (others)
  2 plants (D:1)
2 creatures vanquished.

Grand Total: 76 creatures vanquished

Notes
Turn   | Place    | Note
-------+----------+-------------------------------------------
     0 | D:1      | GigaChad the Minotaur Fighter began the quest for the Orb.
     0 | D:1      | Reached XP level 1. HP: 19/19 MP: 0/0
   285 | D:1      | Reached XP level 2. HP: 27/27 MP: 1/1
   324 | D:1      | Found a faded altar of an unknown god.
   331 | D:1      | Prayed at the altar of an unknown god.
   331 | D:1      | Became a worshipper of Zin the Law-Giver
   331 | D:1      | Reached * piety under Zin
   338 | D:1      | Donated 6 gold pieces to Zin
   593 | D:1      | Reached skill level 4 in Armour
   827 | D:2      | Reached XP level 3. HP: 32/34 MP: 2/2
  1337 | D:2      | Got Asmodeus's Papyrus of the Escort
  1509 | D:3      | Reached XP level 4. HP: 22/41 MP: 3/3
  1526 | D:3      | Found the +1 Delatra's gloves {ID++}
  1569 | D:3      | Noticed a necrophage
  1587 | D:3      | Killed a necrophage
  1588 | D:3      | Reached skill level 1 in Dodging
  1588 | D:3      | Reached XP level 5. HP: 11/47 MP: 4/4
  1940 | D:3      | Found a blossoming altar of Fedhas.
  2005 | D:3      | Identified the +8 chain mail "Dyenol" {rElec}
  2041 | D:3      | Donated 24 gold pieces to Zin
  2195 | D:3      | Reached ** piety under Zin
  2226 | D:3      | Reached skill level 5 in Armour
  2553 | D:3      | Reached XP level 6. HP: 55/55 MP: 5/5
  3034 | D:4      | Succumbed to an orc wizard's poison

Illustrated notes

Levels and vault maps discovered:
D:1:      nzn_arrival_crosshair, layout_loops_cross,
          dilly_ecumenical_altar_fadedgnrine, minmay_misc_feat_rugged,
          nicolae_grassy_gnolls
D:2:      layout_loops_ring
D:3:      minmay_octagon_keep, layout_basic, mainiacjoe_overflow_cross_hatched,
          gup_sewer_entry_bubbles, nrook_campfire, saegor_snake_ambush
D:4:      layout_loops_ring, hangedman_decor_lopped, nicolae_shop_fire_sale
          [nicolae_sub_dead_trees], nicolae_underground_beach

Skill      XL: |  1  2  3  4  5 |
---------------+----------------+-----
Fighting       | 4 |  4.8
Armour         | 4 5 |  5.1
Shields        | 4 |  4.6
Long Blades    | 3 4 |  4.9
Dodging        | 1 |  1.2

Action                   |  1- 3 |  4- 6 || total
-------------------------+-------+-------++-------
Melee: Long sword        |    86 |   104 ||   190
       Headbutt          |    11 |    15 ||    26
Invok: Donate Gold       |     1 |     1 ||     2
  Use: Scroll            |     3 |       ||     3
Armor: Scale mail        |    51 |    12 ||    63
       Chain mail        |       |    50 ||    50
Dodge: Dodged            |    57 |    38 ||    95
Block: Buckler           |    35 |     5 ||    40
       Kite shield       |       |    37 ||    37
